 Dungeon Crawl Stone Soup version 0.21-a0-426-g98080a9 (webtiles) character file.

74 varam the Stinger (level 4, -5/30 HPs)
             Began as a Demonspawn Venom Mage on Nov 7, 2017.
             Was an Initiate of Yredelemnul.
             Killed from afar by an orc wizard (8 damage)
             ... with a puff of flame
             ... on level 2 of the Dungeon.
             The game lasted 00:09:05 (1718 turns).

varam the Stinger (Demonspawn Venom Mage)           Turns: 1718, Time: 00:09:05

Health: -5/30      AC:  3    Str:  8    XL:     4   Next: 10%
Magic:  2/7        EV: 12    Int: 17    God:    Yredelemnul [......]
Gold:   97         SH:  0    Dex: 14    Spells: 4/7 levels left

rFire    . . .     SeeInvis .   e - +0 club
rCold    . . .     Gourm    .   (no shield)
rNeg     . . .     Faith    .   a - +0 robe
rPois    .         Spirit   .   k - +0 helmet
rElec    .         Reflect  .   (no cloak)
rCorr    .         Harm     .   (no gloves)
MR       .....                  (no boots)
Stlth    ++........             (no amulet)
HPRegen  0.10/turn              (no ring)
MPRegen  0.10/turn              (no ring)

@: no status effects
A: hooves 1, rot immunity
a: Renounce Religion


You were on level 2 of the Dungeon.
You worshipped Yredelemnul.
Yredelemnul was noncommittal.
You were not hungry.

You visited 1 branch of the dungeon, and saw 2 of its levels.

You collected 97 gold pieces.

Inventory:

Hand Weapons
 e - a +0 club (weapon)
Missiles
 g - 49 stones (quivered)
Armour
 a - a +0 robe (worn)
 k - a +0 helmet (worn)
Scrolls
 d - a scroll of amnesia {unknown}
 h - a scroll of enchant armour {unknown}
 i - a scroll of enchant weapon {unknown}
 n - a scroll of magic mapping {unknown}
Potions
 j - a potion of agility {unknown}
 l - a potion of flight {unknown}
 o - a potion of heal wounds {unknown}
Books
 b - a Young Poisoner's Handbook

   Spells                             Type                      Level
   a - Sting                          Conjuration/Poison           1
   b - Poisonous Vapours              Poison/Air                   2
   c - Mephitic Cloud                 Conjuration/Poison/Air       3
   d - Olgreb's Toxic Radiance        Poison                       4
   e - Venom Bolt                     Conjuration/Poison           5
Comestibles
 m - 3 meat rations


   Skills:
 - Level 1.7 Dodging
 - Level 1.7 Stealth
 - Level 2.0 Spellcasting
 * Level 3.3 Conjurations
 + Level 3.7 Poison Magic


You had 4 spell levels left.
You knew the following spells:

 Your Spells              Type           Power        Failure   Level  Hunger
a - Sting                 Conj/Pois      ##..         4%          1    #......
b - Poisonous Vapours     Pois/Air       #.....       14%         2    ###....


Dungeon Overview and Level Annotations

Branches:
Dungeon (2/15)

Altars:
Yredelemnul


Innate Abilities, Weirdness & Mutations

You have large cloven feet.
You are immune to rotting.


Message History

Confirm with . or Enter, or press ? or * to list all spells.
Aiming: Poisonous Vapours
Press: ? - help, Dir - move target cursor, f - orc priest
Aim: an orc priest, wielding a dagger Poisonous vapours surround the orc priest!
The orc priest is poisoned.
You hear some strange, mumbled words.
A magic dart appears from out of thin air!
The magic dart hits you!
* * * LOW HITPOINT WARNING * * *
Unknown command.
A magic dart appears from out of thin air!
The magic dart hits you!
* * * LOW HITPOINT WARNING * * *
Okay, then.
Okay, then.
A puff of flame appears from out of thin air!
The puff of flame hits you!
You die...
Your body rises from the dead as a mindless zombie.

#. #..#######
#.># #o## #..#
#### ...#. ##..#
.o... #..# #..#.
#..#####... #...
#.....)....
#..####.######...
#.....#.........
#.###.##@.######
#.# #.##..#...<#
#.# #.##..##.###
#########.#
#o#..o.#
).........#
#.###..#
###########
#.###..# #.o....#
#####.## #...


You could see an orc priest.

Vanquished Creatures
  An orc wizard (D:2)
  An adder (D:2)
  2 dart slugs
  2 leopard geckos
  A ball python (D:2)
  A bat (D:1)
  2 giant cockroaches (D:2)
  7 goblins (D:1)
  3 hobgoblins (D:1)
  5 kobolds
  2 frilled lizards
  7 rats
34 creatures vanquished.

Notes
Turn   | Place    | Note
-------+----------+-------------------------------------------
     0 | D:1      | varam the Demonspawn Venom Mage began the quest for the Orb.
     0 | D:1      | Reached XP level 1. HP: 13/13 MP: 3/3
   213 | D:1      | Gained mutation: You have large cloven feet. [demonic ancestry]
   213 | D:1      | Reached XP level 2. HP: 14/19 MP: 3/5
   335 | D:1      | Reached skill level 2 in Conjurations
   356 | D:1      | Learned a level 2 spell: Poisonous Vapours
   758 | D:2      | Found a basalt altar of Yredelemnul.
   761 | D:2      | Gained mutation: You are immune to rotting. [demonic ancestry]
   761 | D:2      | Reached XP level 3. HP: 24/24 MP: 3/6
   795 | D:2      | Became a worshipper of Yredelemnul the Dark
  1330 | D:2      | Reached skill level 3 in Conjurations
  1330 | D:2      | Reached XP level 4. HP: 14/30 MP: 0/7
  1716 | D:2      | HP: 3/30 [something/magic dart (4)]
  1718 | D:2      | Killed from afar by an orc wizard

Vault maps used:
D:1:      wheals_arrival_linesprint
D:2:      old_standard_altar

Skill      XL: |  1  2  3 |
---------------+----------+-----
Conjurations   | 2 3 |  3.3
Dodging        | |  1.7
Stealth        | |  1.7
Spellcasting   | |  2.0
Poison Magic   | |  3.7

Action                   |  1- 3 |  4- 6 || total
-------------------------+-------+-------++-------
Melee: Club              |    25 |     5 ||    30
       Kick              |     2 |       ||     2
 Cast: Sting             |    44 |     4 ||    48
       Poisonous Vapours |     8 |     3 ||    11
  Eat: Chunk             |     2 |     1 ||     3
       Bread ration      |       |     1 ||     1
Armor: Robe              |     7 |       ||     7
Dodge: Dodged            |    14 |     3 ||    17

Table legend:
 A = Spawn XP
 B = Non-spawn XP
 C = Spawn XP percentage of total XP
 D = Spawn monster count
 E = Non-spawn monster count
 F = Spawn count percentage of total count
 G = Total turns spent on level
                    A         B        C        D         E        F      G
               +---------+---------+-------+---------+---------+-------+---------
         Total |       0 |     107 |   0.0 |       0 |      34 |   0.0 |  1718
               +---------+---------+-------+---------+---------+-------+---------
           D:1 |       0 |      40 |   0.0 |       0 |      23 |   0.0 |   750
           D:2 |       0 |      67 |   0.0 |       0 |      11 |   0.0 |   968
               +---------+---------+-------+---------+---------+-------+---------
